 Dungeon Crawl Stone Soup version 0.26-a0-30-g56b8cd3df0 (webtiles) character file.

Game seed: 16188867913418785730, levelgen mode: deterministic

3 vurker the Stinger (level 1, 0/15 HPs)
             Began as a Naga Venom Mage on June 1, 2020.
             Slain by a jackal (3 damage)
             ... on level 1 of the Dungeon.
             The game lasted 00:00:21 (43 turns).

vurker the Stinger (Naga Venom Mage)                  Turns: 43, Time: 00:00:22

Health: 0/15       AC:  1    Str: 10    XL:     1   Next: 50%
Magic:  0/3        EV: 10    Int: 15    God:
Gold:   0          SH:  0    Dex: 11    Spells: 3/4 levels left

rFire    . . .     SeeInvis +   (no weapon)
rCold    . . .     Gourm    .   (no shield)
rNeg     . . .     Faith    .   a - +0 robe
rPois    +         Spirit   .   (no helmet)
rElec    .         Reflect  .   (no cloak)
rCorr    .         Harm     .   (no gloves)
MR       .....                  (no barding)
Stlth    ++........             (no amulet)
HPRegen  0.05/turn              (no ring)
MPRegen  0.08/turn              (no ring)

@: very slow
A: large, see invisible, deformed body, poison resistance, slowness 2, slow
metabolism 1, spit poison 1, AC +0
a: Spit Poison


You were on level 1 of the Dungeon.
You were not hungry.

You visited 1 branch of the dungeon, and saw 1 of its levels.

Inventory:

Armour
 a - a +0 robe (worn)
Comestibles
 e - a ration


   Skills:
 + Level 0.2 Fighting
 - Level 1.5 Dodging
 - Level 3.0 Stealth
 * Level 2.1 Spellcasting
 - Level 1.0 Transmutations
 * Level 4.1 Poison Magic


You had 3 spell levels left.
You knew the following spells:

 Your Spells              Type           Power        Failure   Level  Hunger
a - Sting                 Tmut/Pois      #...         8%          1    #......

Your spell library contained the following spells:

 Spells                   Type           Power        Failure   Level  Hunger
 Poisonous Vapours        Pois/Air       #.....       14%         2    ###....
 Ignite Poison            Fire/Tmut/Pois #.......     32%         3    ###....
 Mephitic Cloud           Conj/Pois/Air  #.......     36%         3    ###....
 Olgreb's Toxic Radiance  Pois           ##......     36%         4    #####..


Dungeon Overview and Level Annotations

Branches:
Dungeon (1/15)

Altars:


Innate Abilities, Weirdness & Mutations

You cannot wear boots.
Your serpentine skin is tough. (AC +0)
You have supernaturally acute eyesight. (SInv)
Armour fits poorly on your strangely shaped body.
Your system is resistant to poisons. (rPois)
You cover ground very slowly.
You have a slow metabolism.
You can spit poison.


Message History

There is an open gate here.
A kobold comes into view.
The kobold shouts!
You hear a shout!
You hear a bark!
A kobold is nearby!
Found an emerald potion.
Aim: a kobold The sting misses the kobold.
A goblin comes into view. It is wielding a +0 club.
Aim: a kobold The sting misses the kobold.
A frilled lizard comes into view.
The kobold misses you.
Aim: a kobold The sting hits the kobold but does no damage.
The kobold is poisoned.
The frilled lizard hisses angrily.
You hear a bark!
The kobold hits you.
You barely miss the kobold. The kobold hits you.
A jackal comes into view.
You miss the kobold. The kobold closely misses you.
You closely miss the kobold. The kobold barely misses you.
A rat comes into view.
The jackal barks!
You hit the kobold.
You kill the kobold!
You hear a shout!
You hear a bark!
A jackal comes into view. x2
You barely miss the goblin. The goblin hits you with a +0 club.
You don't have enough magic to cast that spell.
Aim: a jackal The splash of poison hits the goblin.
The goblin is poisoned.
You feel slightly more hungry. The goblin hits you with a +0 club.
* * * LOW HITPOINT WARNING * * *
You closely miss the goblin.
You kill the goblin!
You barely miss the frilled lizard.
You have got your breath back.
The frilled lizard closely misses you.
You closely miss the frilled lizard. The frilled lizard bites you.
* * * LOW HITPOINT WARNING * * *
You hit the frilled lizard.
You kill the frilled lizard!
Aim: a jackal The sting misses the jackal.
The sting hits the jackal but does no damage.
The jackal is poisoned.
The jackal bites you.
* * * LOW HITPOINT WARNING * * *
The rat twitches its whiskers.
You hit the jackal but do no damage. The jackal bites you.
You die...

... ....
... ...
#.# . #.#
....####.#
....rhh@.#
....####.#
! #.##
#..# ##.##
#..##
#...#
#'''#
#...#


You could see 2 jackals and a rat.

Vanquished Creatures
  A goblin (D:1)
  A kobold (D:1)
  A frilled lizard (D:1)
3 creatures vanquished.

Notes
Turn   | Place    | Note
-------+----------+-------------------------------------------
     0 | D:1      | vurker the Naga Venom Mage began the quest for the Orb.
     0 | D:1      | Reached XP level 1. HP: 15/15 MP: 3/3
    43 | D:1      | Slain by a jackal

Illustrated notes

Levels and vault maps discovered:
D:1:      lemuel_arrival_funnel, layout_basic

Action                   || total
-------------------------++-------
Melee: Unarmed           ||    10
 Cast: Sting             ||     4
 Abil: Spit Poison       ||     1
Dodge: Dodged            ||     4

Table legend:
 A = Non-vault XP
 B = Vault XP
 C = Vault XP percentage of total XP
 D = Non-vault monster count
 E = Vault monster count
 F = Vault count percentage of total count
                 A         B        C        D         E       F
            +---------+---------+-------+---------+---------+-------
      Total |       5 |       0 |   0.0 |       3 |       0 |   0.0
            +---------+---------+-------+---------+---------+-------
        D:1 |       5 |       0 |   0.0 |       3 |       0 |   0.0
            +---------+---------+-------+---------+---------+-------
